 Dungeon Crawl Stone Soup version 0.22-a0-265-g0d8bc9073c (webtiles) character file.

2285 Psiweapon the Grappler (level 9, 0/74 HPs)
             Began as a Ghoul Gladiator on Mar 3, 2018.
             Slain by an orc wizard
             ... wielding a +0 dagger
              (1 damage)
             ... on level 7 of the Dungeon on Mar 7, 2018.
             The game lasted 00:15:41 (5747 turns).

Psiweapon the Grappler (Ghoul Gladiator)            Turns: 5747, Time: 00:15:42

Health: 0/74       AC:  6    Str: 22    XL:     9   Next: 39%
Magic:  8/8        EV: 14    Int:  4    God:
Gold:   267        SH:  0    Dex: 12    Spells: 8/8 levels left

rFire    . . .     SeeInvis .     - Unarmed
rCold    + . .     Gourm    .   (no shield)
rNeg     + + +     Faith    .   m - +0 leather armour
rPois    ∞         Spirit   .   E - +0 helmet (curse)
rElec    .         Reflect  .   P - +0 cloak
rCorr    .         Harm     .   (no gloves)
MR       .....                  (no boots)
Stlth    ++........             j - amulet of regeneration
HPRegen  0.00/turn              k - +4 ring of strength
MPRegen  0.11/turn              (no ring)

@: rotting
A: rotting body, claws 1, carnivore, cold resistance 1, negative energy
resistance 3, inhibited regeneration, torment resistance, unbreathing
a: no special abilities


You were on level 7 of the Dungeon.
You were not hungry.

You visited 2 branches of the dungeon, and saw 8 of its levels.

You collected 267 gold pieces.

Inventory:

Hand Weapons
 a - a +1 whip of venom
 y - a +0 dagger of protection
 O - a +2 quarterstaff of chaos
Missiles
 c - a throwing net (quivered)
 e - 31 poisoned needles
 h - 13 needles of sleeping
 l - 52 sling bullets
 x - 148 stones
Armour
 b - a +0 helmet
 g - a +0 scale mail
 m - a +0 leather armour (worn)
 r - a +0 ring mail
 v - a +0 ring mail
 E - a cursed +0 helmet (worn)
 P - a +0 cloak (worn)
Jewellery
 j - an amulet of regeneration (around neck)
 k - a +4 ring of strength (left claw)
 J - an uncursed ring of flight {unknown}
Wands
 K - a wand of digging (13)
 Q - a wand of acid (1)
Scrolls
 f - a scroll of random uselessness {unknown}
 p - 4 scrolls of identify {unknown}
 s - a scroll of remove curse {unknown}
 t - 4 scrolls of teleportation
 u - 2 scrolls of noise {unknown}
 w - 2 scrolls of enchant weapon {unknown}
 B - 2 scrolls of amnesia {unknown}
 C - 2 scrolls of fog {unknown}
 F - a scroll of immolation {unknown}
 G - 2 scrolls of magic mapping {unknown}
 H - a scroll of vulnerability {unknown}
 N - a scroll of enchant armour {unknown}
Potions
 n - 2 potions of lignification {unknown}
 o - a potion of berserk rage {unknown}
 q - a potion of brilliance {unknown}
 z - a potion of might {unknown}
 A - 2 potions of curing
 D - 2 potions of haste {unknown}
 I - a potion of heal wounds {unknown}
 L - 2 potions of flight {unknown}
Comestibles
 d - 8 rations


   Skills:
 + Level 5.1 Fighting
 + Level 2.6(3.0) Maces & Flails
 + Level 2.0(2.7) Staves
 + Level 2.2 Throwing
 + Level 4.7 Armour
 + Level 5.1 Dodging
 + Level 3.4 Stealth
 + Level 8.3 Unarmed Combat
 + Level 0.5 Evocations


You had 8 spell levels left.
You didn't know any spells.

Dungeon Overview and Level Annotations

Branches:
Dungeon (7/15)             Temple (1/1) D:6

Altars:
Cheibriados
Dithmenos
Elyvilon
Fedhas
Gozag
Hepliaklqana
Kikubaaqudgha
Makhleb
Nemelex Xobeh
Okawaru
Qazlal
Sif Muna
Trog
Uskayaw
Vehumet
Xom
Yredelemnul
Zin
The Shining One

Annotations:
D:4 ciphuk's ghost, novice MfIE
D:6 exclusion: downstairs


Innate Abilities, Weirdness & Mutations

Your body is rotting away.
You thrive on raw meat.
You are immune to poison.
You have sharp fingernails.
You are carnivorous and can eat meat at any time.
Your flesh is cold resistant. (rC+)
You are immune to negative energy. (rN+++)
You do not regenerate when monsters are visible.
You are immune to unholy pain and torment.
You can survive without breathing.


Message History

The orc priest struggles against the net.
The net rips apart, and the orc priest comes free!
You scratch the orc priest.
The orc priest is almost dead.
The orc wizard hits you with a dagger. The ogre hits you with a giant club!!
* * * LOW HITPOINT WARNING * * *
The orc wizard casts a spell.
The orc wizard flickers and vanishes!
Deactivating autopickup; reactivate with Ctrl-A.
You claw the orc priest!
You kill the orc priest!
The killer bee zombie hits you.
* * * LOW HITPOINT WARNING * * *
The killer bee zombie barely misses you.
The phantom hits you.
* * * LOW HITPOINT WARNING * * *
The phantom hits you!
* * * LOW HITPOINT WARNING * * *
The killer bee zombie misses you. The orc wizard hits you with a dagger.
You die...

#.#####...........
#.................
###......).....##..
#.(.............#..
#.#..............##
#)#............. ..
#)#................
#####)#................
#.....@Z.Oo((..........
#......oW...........###
#...(..............#
#.....<###...#.##
######.[.# #..... #%%
##.## ##Z.# #.## #.#
.... #.i# #.# ... #'#
#.# ... ..


You could see a phantom, an ogre, an orc wizard, an orc, a killer bee zombie and
a quokka skeleton.

Vanquished Creatures
  Pikel (D:5)
  A hungry ghost (D:4)
  Duvessa (D:7)
  An ice beast (D:6)
  3 ogres
  A black bear (D:5)
  2 centaurs
  2 bullfrogs (D:6)
  Dowan (D:7)
  A wyvern skeleton (D:6)
  2 howler monkeys
  3 hounds
  Crazy Yiuf (D:4)
  3 orc priests
  4 orc wizards
  2 iguanas (D:6)
  4 worker ants
  A killer bee zombie (D:6)
  A hound skeleton (D:7)
  8 adders
  2 shadow imps (D:5)
  2 worms
  A dart slug (D:2)
  2 leopard geckos
  15 orcs
  A ball python (D:3)
  5 bats
  5 giant cockroaches
  5 goblins
  12 hobgoblins
  2 jackals (D:3)
  A quokka (D:2)
  6 frilled lizards
  3 kobolds
  7 rats
112 creatures vanquished.

Vanquished Creatures (others)
  An orc (D:5)
1 creature vanquished.

Grand Total: 113 creatures vanquished

Notes
Turn   | Place    | Note
-------+----------+-------------------------------------------
     0 | D:1      | Psiweapon the Ghoul Gladiator began the quest for the Orb.
     0 | D:1      | Reached XP level 1. HP: 17/17 MP: 0/0
   216 | D:2      | Reached XP level 2. HP: 23/24 MP: 1/1
   321 | D:2      | Reached XP level 3. HP: 10/30 MP: 2/2
   334 | D:2      | HP: 1/30 [bat (1)]
   673 | D:2      | Reached skill level 4 in Unarmed Combat
   948 | D:2      | Reached XP level 4. HP: 34/37 MP: 3/3
  1073 | D:1      | Reached skill level 1 in Armour
  1630 | D:3      | Reached XP level 5. HP: 42/42 MP: 4/4
  2228 | D:4      | Reached skill level 1 in Maces & Flails
  2283 | D:5      | Entered Level 5 of the Dungeon
  2288 | D:5      | Noticed an ogre
  2288 | D:5      | Noticed a hungry ghost
  2292 | D:5      | Reached XP level 6. HP: 42/50 MP: 5/5
  2305 | D:4      | Killed a hungry ghost
  2305 | D:4      | Reached skill level 5 in Unarmed Combat
  2372 | D:4      | Noticed ciphuk's ghost (novice MfIE)
  2384 | D:4      | Noticed an ice beast
  2395 | D:4      | Noticed an ice beast
  2397 | D:4      | Noticed an ice beast
  2489 | D:3      | Upgraded the game from 0.22-a0-253-gf9d0ce56dd to 0.22-a0-265-g0d8bc9073c
  2846 | D:4      | You fall through a shaft for 3 floors!
  2874 | D:6      | Reached skill level 1 in Stealth
  2874 | D:6      | Reached XP level 7. HP: 57/57 MP: 6/6
  3074 | D:6      | Found a burning altar of Makhleb.
  3074 | D:6      | Found a shadowy altar of Dithmenos.
  3146 | D:6      | Found a white marble altar of Elyvilon.
  3379 | D:6      | Reached skill level 6 in Unarmed Combat
  3379 | D:6      | Reached XP level 8. HP: 42/65 MP: 7/7
  3440 | D:6      | Found a staircase to the Ecumenical Temple.
  3453 | Temple   | Entered the Ecumenical Temple
  4554 | D:5      | Reached skill level 7 in Unarmed Combat
  4569 | D:5      | Found an ancient bone altar of Kikubaaqudgha.
  4946 | D:4      | Found a runed door.
  4950 | D:4      | Noticed Crazy Yiuf
  4954 | D:4      | Killed Crazy Yiuf
  5128 | D:5      | Found a shimmering altar of Xom.
  5236 | D:5      | Noticed Pikel
  5243 | D:5      | Killed Pikel
  5243 | D:5      | Reached skill level 1 in Staves
  5243 | D:5      | Reached skill level 8 in Unarmed Combat
  5243 | D:5      | Reached XP level 9. HP: 64/72 MP: 8/8
  5250 | D:5      | Reached skill level 5 in Dodging
  5592 | D:7      | Noticed Duvessa
  5592 | D:7      | Noticed Dowan
  5684 | D:7      | Killed Duvessa
  5684 | D:7      | Reached skill level 5 in Fighting
  5688 | D:7      | HP: 1/74 [Dowan/stone arrow (16)]
  5690 | D:7      | Killed Dowan
  5746 | D:7      | HP: 1/74 [phantom (8)]
  5747 | D:7      | Slain by an orc wizard

Vault maps used:
D:1:      minmay_arrival_floating_metal
D:2:      first_ration
D:3:      hex_tiny
D:4:      uniq_crazy_yiuf_cottage
D:5:      black_bear_nest_1, kennysheep_mini_moat,
          nicolae_overflow_crystal_walls, minivault_4, minmay_misc_feat_chi,
          minmay_misc_feat_pillars, uniq_pikel
D:6:      chequers_temple_overflow_statue_of_worship, temple_green,
          elyvilon_altar_1
D:7:      kennysheep_kobold_camp, serial_park_tiny_pond, the_bakery,
          bloody_makhleb, uniq_duvessa
Temple:   regret_index_temple_waves

Skill      XL: |  1  2  3  4  5  6  7  8  9 |
---------------+----------------------------+-----
Throwing       | 2 |  2.2
Dodging        | 3 4 5 |  5.1
Unarmed Combat | 4 5 6 8 |  8.3
Armour         | 1 2 3 4 |  4.7
Maces & Flails | 1 2 |  2.6
Fighting       | 3 4 5 |  5.1
Stealth        | 1 2 3 |  3.4
Staves         | 1 2 |  2.0
Evocations     | |  0.5

Action                   |  1- 3 |  4- 6 |  7- 9 || total
-------------------------+-------+-------+-------++-------
Melee: Unarmed           |    83 |    80 |   150 ||   313
       Whip              |       |    72 |       ||    72
       Punch             |       |     7 |     4 ||    11
       Quarterstaff      |       |       |    51 ||    51
Throw: Tomahawk          |       |       |     8 ||     8
       Throwing net      |       |       |     2 ||     2
Evoke: Wand              |       |       |     7 ||     7
  Use: Scroll            |       |       |     1 ||     1
       Potion            |       |       |     1 ||     1
 Stab: Sleeping          |       |     1 |       ||     1
  Eat: Chunk             |     7 |    16 |    17 ||    40
Armor: Leather armour    |    23 |    25 |    47 ||    95
Dodge: Dodged            |    53 |    94 |   136 ||   283

Table legend:
 A = Spawn XP
 B = Non-spawn XP
 C = Spawn XP percentage of total XP
 D = Spawn monster count
 E = Non-spawn monster count
 F = Spawn count percentage of total count
 G = Total turns spent on level
                    A         B        C        D         E        F      G
               +---------+---------+-------+---------+---------+-------+---------
         Total |       0 |    3265 |   0.0 |       0 |     112 |   0.0 |  5747
               +---------+---------+-------+---------+---------+-------+---------
           D:1 |       0 |      21 |   0.0 |       0 |      12 |   0.0 |   448
           D:2 |       0 |      74 |   0.0 |       0 |      22 |   0.0 |   821
           D:3 |       0 |     101 |   0.0 |       0 |      24 |   0.0 |   940
           D:4 |       0 |     443 |   0.0 |       0 |      12 |   0.0 |   945
           D:5 |       0 |    1308 |   0.0 |       0 |      16 |   0.0 |   831
           D:6 |       0 |     879 |   0.0 |       0 |      16 |   0.0 |  1499
           D:7 |       0 |     439 |   0.0 |       0 |      10 |   0.0 |   128
               +---------+---------+-------+---------+---------+-------+---------
